 Dungeon Crawl Stone Soup version 0.27-a0-1291-geefcff550b (webtiles) character file.

Game seed: 15083499635685213468

55 dickylongcocking the Magician (level 4, -1/31 HPs)
             Began as a Djinni Fire Elementalist on June 15, 2021.
             Slain by Crazy Yiuf (7 damage)
             ... while petrified by Crazy Yiuf
             ... on level 2 of the Dungeon.
             The game lasted 00:01:31 (2037 turns).

dickylongcocking the Magician (DjFE)                Turns: 2037, Time: 00:01:31

Health: -1/31      AC:  2    Str:  5 (7)  XL:     4   Next: 14%
Gold:   21         EV:  2    Int: 15 (18) God:
                   SH:  0    Dex: 11 (13)

rFire    + + .     SeeInvis .   (no weapon)
rCold    x . .     Faith    .   (no shield)
rNeg     + + +     Spirit   .   a - +0 robe
rPois    ∞         Reflect  .   (no helmet)
rElec    .         Harm     .   (no cloak)
rCorr    .         Rampage  .   (no gloves)
Will     .....                  (boots unavailable)
Stlth    ++........             (no amulet)
HPRegen  0.10/turn              (no ring)
MPRegen  0.00/turn              (no ring)

@: petrified, flying, very slightly contaminated, invisible
A: sickness immunity, fire resistance 2, cold vulnerability 1, float, innate
caster, hp casting, extra vitality 1
a: no special abilities


You were on level 2 of the Dungeon.
You visited 1 branch of the dungeon, and saw 2 of its levels.

You collected 21 gold pieces.

Inventory:

Armour
 a - a +0 robe (worn)
Scrolls
 b - a scroll of summoning {unknown}
 c - 2 scrolls of identify {unknown}
 e - a scroll of amnesia {unknown}
 f - 2 scrolls of teleportation {unknown}
 g - a scroll of fear {unknown}
 h - a scroll of noise {unknown}
Potions
 i - a potion of degeneration


   Skills:
 * Level 0.0 Fighting
 - Level 2.7 Dodging
 + Level 2.1 Stealth
 - Level 0.5 Unarmed Combat
 - Level 3.1 Spellcasting


You couldn't memorise any spells.
You knew the following spells:

 Your Spells              Type           Power      Damage    Failure   Level
a - Foxfire               Conj/Fire      44%        2x1d6     5%          1
b - Conjure Flame         Conj/Fire      11%        6-21      16%         3
c - Inner Flame           Hex/Fire       11%        N/A       16%         3
d - Sticky Flame          Conj/Fire      11%        2d3       47%         4
e - Fireball              Conj/Fire      5%         3d5       83%         5
f - Sting                 Tmut/Pois      44%        1d5       5%          1
Your spell library was empty.

Dungeon Overview and Level Annotations

Branches:
Dungeon (2/15)

Altars:

Annotations:
D:2 Crazy Yiuf


Innate Abilities, Weirdness & Mutations

You are immune to sickness and miasma.
You are immune to poison.
Your flesh is very heat resistant. (rF++)
You are vulnerable to cold. (rC-)
You float through the air rather than walking.
You learn spells naturally, not from books.
Your magical power is your life essence.
You have superior vitality. (+4 HP)


Message History

Crazy Yiuf says, "Papa!
Line forty-two infinity."
Unknown command.
Casting: Foxfire (safe; 5% risk of failure)
Confirm with . or Enter, or press ? or * to list all spells.
Aiming: Sting (safe; 5% risk of failure)
Press: ? - help, Shift-Dir - straight line, f - Crazy Yiuf
Aim: Crazy Yiuf, wielding a +3 quarterstaff of chaos and wearing a +0 cloak (moderately wounded, 75% to hit)
The sting misses Crazy Yiuf.
Crazy Yiuf hits you with a +3 quarterstaff of chaos.
You are slowing down.
Unknown command.
Casting: Sting (safe; 5% risk of failure)
Confirm with . or Enter, or press ? or * to list all spells.
Aiming: Sting (safe; 5% risk of failure)
Press: ? - help, Shift-Dir - straight line, f/p - Crazy Yiuf
Aim: Crazy Yiuf, wielding a +3 quarterstaff of chaos and wearing a +0 cloak (moderately wounded, 75% to hit)
You miscast Sting.
You are very lightly contaminated with residual magic.
Nothing appears to happen.
Crazy Yiuf hits you with a +3 quarterstaff of chaos!
You resist with some effort.
Crazy Yiuf says, "Cards dark snockshim!"
Crazy Yiuf hits you with a +3 quarterstaff of chaos!
Your limbs are stiffening.
Unknown command.
Unknown command.
Casting: Sting (safe; 5% risk of failure)
Confirm with . or Enter, or press ? or * to list all spells.
Aiming: Sting (safe; 5% risk of failure)
Press: ? - help, Shift-Dir - straight line, f/p - Crazy Yiuf
Aim: Crazy Yiuf, wielding a +3 quarterstaff of chaos and wearing a +0 cloak (moderately wounded, 75% to hit)
The sting hits Crazy Yiuf.
Crazy Yiuf is poisoned.
Crazy Yiuf is moderately wounded.
Crazy Yiuf hits you with a +3 quarterstaff of chaos!
* * * LOW HITPOINT WARNING * * *
You fade into invisibility!
You have turned to stone.
Crazy Yiuf whimpers, "Whiteboard testudinal leg!"
Crazy Yiuf hits you with a +3 quarterstaff of chaos!
You die...

### ..# #.# #.###
....##♣♣ #####
.......♣♣ ♣♣#..)#
#.......♣♣♣♣.'.g@#
.........♣..♣#...#
##.#....♣.♣♣♣#####
##..##♣♣♣♣♣ .#..#
..>.### ÷........
.........
.#........


You could see Crazy Yiuf (poisoned).

Vanquished Creatures
  An adder (D:2)
  A worm (D:2)
  3 ball pythons
  5 endoplasms
  4 giant cockroaches (D:1)
  8 hobgoblins
  4 jackals (D:1)
  3 quokkas
  2 bats (D:1)
  A frilled lizard (D:1)
  A goblin (D:1)
  A kobold (D:1)
  3 rats (D:1)
37 creatures vanquished.

Vanquished Creatures (others)
  149 foxfires
149 creatures vanquished.

Grand Total: 186 creatures vanquished

Notes
Turn   | Place    | Note
-------+----------+-------------------------------------------
     0 | D:1      | dickylongcocking the Djinni Fire Elementalist began the
                  | quest for the Orb.
     0 | D:1      | Reached XP level 1. HP: 15/15 MP: 0/0
   212 | D:1      | Reached XP level 2. HP: 10/21 MP: 0/0
   817 | D:1      | Reached XP level 3. HP: 20/25 MP: 0/0
   817 | D:1      | Learned a level 1 spell: Sting
  1077 | D:1      | Reached skill level 3 in Spellcasting
  1579 | D:1      | You are sucked into a shaft and drop 1 floor!
  1966 | D:2      | Found a runed translucent door.
  1967 | D:2      | Noticed Crazy Yiuf
  2004 | D:2      | Reached XP level 4. HP: 23/31 MP: 0/0
  2037 | D:2      | Slain by Crazy Yiuf

Illustrated notes

Levels and vault maps discovered:
D:1:      wander_arrival_estate, layout_basic, minmay_crystal_water,
          skrybe_limestone_x
D:2:      layout_loops_cross, shapermc_ecumenical_altar_mp_urbaneastern,
          minmay_tromino_v7, uniq_crazy_yiuf_cottage

Skill      XL: |  1  2  3 |
---------------+----------+-----
Stealth        | 2 |  2.1
Spellcasting   | 3 |  3.1
Dodging        | |  2.7
Unarmed Combat | |  0.5

Action                   |  1- 3 |  4- 6 || total
-------------------------+-------+-------++-------
Melee: Unarmed           |    21 |       ||    21
 Cast: Foxfire           |    90 |     1 ||    91
       Inner Flame       |     1 |       ||     1
       Sting             |       |     2 ||     2
       Conjure Flame     |       |     1 ||     1
  Use: Potion            |     1 |     2 ||     3
Armor: Robe              |     8 |       ||     8
Dodge: Dodged            |    41 |       ||    41

Table legend: (Time is in decaauts)
 A = Elapsed time spent in this place.
 B = Non-inter-level travel time spent in this place.
 C = Inter-level travel time spent in this place.
 D = Time resting spent in this place.
 E = Time spent auto-exploring this place.
 F = Levels seen in this place.
 G = Mean time per level.
                   A        B        C        D        E       F      G
               +--------+--------+--------+--------+--------+-----+--------+
         Total |   2037 |   2037 |      0 |      0 |   1765 |   2 | 1018.5 |
       Dungeon |   2037 |   2037 |      0 |      0 |   1765 |   2 | 1018.5 |
               +--------+--------+--------+--------+--------+-----+--------+

Top non-repeatable levels by time:
     D:1: 1579 daAuts
     D:2: 458 daAuts
